 Dungeon Crawl Stone Soup version 0.30-a0-862-g1aabd4f9c5 (webtiles) character file.

Game seed: 15577715916358064119

334 fozzywoppz the Trooper (level 6, -5/40 HPs)
             Began as a Gargoyle Monk on Mar 10, 2023.
             Slain by an ogre
             ... wielding a +0 giant spiked club
              (31 damage)
             ... on level 4 of the Dungeon.
             The game lasted 00:06:43 (3144 turns).

fozzywoppz the Trooper (Gargoyle Monk)              Turns: 3144, Time: 00:06:43

Health: -5/40      AC: 10    Str: 15    XL:     6   Next: 53%
Magic:  6/6        EV: 13    Int: 10    God:
Gold:   224        SH:  0    Dex: 14    Spells: 5/5 levels left

rFire   . . .      SeeInvis +      - Unarmed
rCold   . . .      Faith    .    (no shield)
rNeg    + + .      Spirit   .    u - +1 leather armour {rN+}
rPois   ∞          Reflect  .    t - +0 helmet
rElec   +          Rampage  .    o - +0 cloak
rCorr   .                        (no gloves)
Will    +....                    (no boots)
Stlth   ++                       (no amulet)
HPRegen 0.26/turn                j - ring of willpower
MPRegen 0.10/turn                k - ring of see invisible

@: no status effects
A: sickness immunity, AC +4, negative energy resistance 1, electricity
resistance, torment resistance 1, petrification resistance
a: no special abilities


You were on level 4 of the Dungeon.
You visited 1 branch of the dungeon, and saw 4 of its levels.

You collected 224 gold pieces.

Inventory:

Armour
 n - a +1 leather armour of poison resistance
 o - a +0 cloak (worn)
 t - a +0 helmet (worn)
 u - a +1 leather armour of positive energy (worn)
Jewellery
 j - a ring of willpower (left hand)
 k - a ring of see invisible (right hand)
Wands
 b - a wand of roots (21)
 f - a wand of flame (18)
Scrolls
 a - 2 scrolls of vulnerability
 d - a scroll of blinking {unknown}
 e - 2 scrolls of poison {unknown}
 g - a scroll of fear {unknown}
 l - 2 scrolls of fog {unknown}
 m - 2 scrolls of amnesia {unknown}
 p - a scroll of identify
 q - a scroll of silence {unknown}
 s - 3 scrolls of enchant armour {unknown}
 v - a scroll of magic mapping {unknown}
 w - a scroll of immolation {unknown}
 x - a scroll of teleportation {unknown}
Potions
 c - 2 potions of heal wounds
 h - a potion of flight {unknown}
 i - 3 potions of invisibility {unknown}
 r - a potion of ambrosia


   Skills:
 - Level 5.0 Fighting
 + Level 3.8 Dodging
 - Level 3.0 Stealth
 + Level 4.7 Unarmed Combat


You had 5 spell levels left.
You didn't know any spells.
Your spell library was empty.

Dungeon Overview and Level Annotations

Branches:
Dungeon (4/15)
 Temple: D:4-7

Altars:
Zin

Shops:
D:2 [*[[


Innate Abilities, Weirdness & Mutations

You are immune to sickness and miasma.
Your stone body is resilient. (AC +4)
You are immune to poison.
You resist negative energy. (rN+)
You are resistant to electric shocks. (rElec)
You are resistant to unholy torment.
You are immune to petrification.


Message History

No target in view!
x - a scroll labelled TOUS YPUAKEFF
Found a stone staircase leading up.
No target in view!
No target in view!
No target in view!
Found a club.
There is a stone staircase leading up here.
Found a robe.
i - 3 metallic brown potions (gained 1)
An ogre comes into view. It is wielding a +0 giant spiked club.
An endoplasm comes into view.
Found a ring mail.
The ogre shouts!
The endoplasm quivers.
The ogre completely misses you.
You hit the ogre.
The ogre is lightly wounded.
The ogre hits you with a +0 giant spiked club!
You punch the ogre!
The ogre is moderately wounded.
The endoplasm freezes you.
You are frozen.
You hit the ogre.
The ogre is moderately wounded.
The endoplasm freezes you.
You are frozen.
The ogre barely misses you. The ogre attacks as you move away!
The ogre closely misses you. The endoplasm attacks as you move away!
The endoplasm closely misses you. The endoplasm attacks as you move away!
The endoplasm barely misses you.
You hit the endoplasm.
The endoplasm is severely wounded.
The endoplasm barely misses you.
You hit the endoplasm.
You kill the endoplasm!
You hit the ogre.
The ogre is heavily wounded.
The ogre hits you with a +0 giant spiked club!!
Ouch! That really hurt!
You die...

..# ###.###
#.#### #.# #.#
#....#
..#########.##
####.#
#............#
#.#
#.#########..#
#.# #.# #..# #.#
#.# #..## #<#
#.#
####...#######.#
#.#
#.......O@.....#
#.#
#.###..#########
#.# #.# #..# #.#
##.###..#
##...##..# ..#
##.....#..# .##
#.........# ##
#......#.##
..[...#...##.#


You could see an ogre.

Vanquished Creatures
  Sigmund (D:2)
  Crazy Yiuf (D:2)
  Ijyb (D:3)
  Robin (D:3)
  2 adders (D:2)
  A worm (D:4)
  A dart slug (D:2)
  An orc (D:2)
  7 endoplasms
  5 giant cockroaches
  9 goblins
  11 hobgoblins
  5 jackals (D:1)
  6 kobolds
  4 quokkas
  7 ball pythons
  A bat (D:1)
  12 frilled lizards
  7 rats
83 creatures vanquished.

Vanquished Creatures (others)
  8 plants (D:1)
8 creatures vanquished.

Grand Total: 91 creatures vanquished

Notes
Turn   | Place    | Note
-------+----------+-------------------------------------------
     0 | D:1      | fozzywoppz the Gargoyle Monk began the quest for the Orb.
     0 | D:1      | Reached XP level 1. HP: 14/14 MP: 1/1
    57 | D:1      | Reached XP level 2. HP: 8/19 MP: 2/2
   316 | D:1      | Reached XP level 3. HP: 19/23 MP: 3/3
   867 | D:2      | Found Foku's Assorted Antiques.
   918 | D:2      | Reached skill level 4 in Fighting
   918 | D:2      | Reached XP level 4. HP: 29/29 MP: 4/4
   969 | D:2      | Found Neow's Armour Emporium.
  1170 | D:2      | Noticed Sigmund
  1208 | D:2      | Killed Sigmund
  1209 | D:2      | Reached XP level 5. HP: 20/34 MP: 5/5
  1209 | D:2      | Reached XP level 6. HP: 24/40 MP: 6/6
  1305 | D:2      | Found Vihego's Armour Boutique.
  1416 | D:2      | Found a runed translucent door.
  1417 | D:2      | Noticed Crazy Yiuf
  1692 | D:2      | Killed Crazy Yiuf
  1888 | D:2      | Found a faded altar of an unknown god.
  1961 | D:2      | Found Ledeuf's Armour Shop.
  2226 | D:3      | Reached skill level 5 in Fighting
  2285 | D:3      | Found a glowing silver altar of Zin.
  2657 | D:4      | Noticed Robin
  2658 | D:4      | Noticed Ijyb
  2685 | D:3      | Killed Ijyb
  2698 | D:3      | Killed Robin
  3144 | D:4      | Slain by an ogre

Illustrated notes

Levels and vault maps discovered:
D:1:      dpeg_arrival_brainrot, layout_rooms, serial_bayou_pond_c,
          minmay_misc_feat_more_columns, grunt_decor_cap, serial_bayou_ford_a,
          minmay_misc_feat_cross, minmay_lizard_king
D:2:      layout_loops_ring, shapermc_ecumenical_altar_pompeii, serial_shops,
          nicolae_shop_temple_entry_statues_fountains, shop,
          nicolae_shop_behind_doors, shop, uniq_crazy_yiuf_cottage, uniq_sigmund
D:3:      layout_loops_ring, nicolae_overflow_crystal_walls
D:4:      layout_loops_ring, nicolae_goblin_pals

Skill      XL: |  1  2  3  4  5  6 |
---------------+-------------------+-----
Stealth        | 3 |  3.0
Fighting       | 4 5 |  5.0
Dodging        | 3 |  3.8
Unarmed Combat | 4 |  4.7

Action                     |  1- 3 |  4- 6 || total
---------------------------+-------+-------++-------
  Melee: Unarmed           |   184 |   149 ||   333
         Punch             |     3 |     5 ||     8
    Use: Potion            |       |     2 ||     2
         Scroll            |       |     2 ||     2
   Stab: Sleeping          |     4 |     4 ||     8
         Distracted        |     1 |       ||     1
 Armour: Robe              |    52 |       ||    52
         Leather armour    |       |    37 ||    37
  Dodge: Dodged            |   123 |    90 ||   213

Table legend: (Time is in decaauts)
 A = Elapsed time spent in this place.
 B = Non-inter-level travel time spent in this place.
 C = Inter-level travel time spent in this place.
 D = Time resting spent in this place.
 E = Time spent auto-exploring this place.
 F = Levels seen in this place.
 G = Mean time per level.
                   A        B        C        D        E       F      G
               +--------+--------+--------+--------+--------+-----+--------+
         Total |   3121 |   2924 |    197 |     39 |   1974 |   4 |  780.2 |
       Dungeon |   3121 |   2924 |    197 |     39 |   1974 |   4 |  780.2 |
               +--------+--------+--------+--------+--------+-----+--------+

Top non-repeatable levels by time:
     D:2: 1283 daAuts
     D:1: 802 daAuts
     D:3: 593 daAuts
     D:4: 443 daAuts
